 Dungeon Crawl Stone Soup version 0.17.1-1-g73c8601 (webtiles) character file.

98 fredomojojo the Shooter (level 4, -2/36 HPs)
             Began as a Centaur Hunter on Dec 22, 2015.
             Was an Initiate of Fedhas.
             Slain by a wolf (9 damage)
             ... on level 4 of the Dungeon.
             The game lasted 00:22:36 (2165 turns).

fredomojojo the Shooter (Centaur Hunter)            Turns: 2165, Time: 00:22:36

Health: -2/36      AC:  5    Str: 15    XL:     4   Next: 43%
Magic:  4/4        EV:  9    Int: 10    God:    Fedhas [......]
Gold:   99         SH:  0    Dex: 10    Spells: 0 memorised, 3 levels left

rFire  . . .     SeeInvis .     a - +1 shortbow
rCold  . . .     Clarity  .     c - +0 leather armour
rNeg   . . .     SustAt   .     (shield currently unavailable)
rPois  .         Gourm    .     (no helmet)
rElec  .         Spirit   .     x - +0 cloak
rCorr  .         Warding  .     (no gloves)
rMut   .         Stasis   .     (no barding)
MR     .....                    (no amulet)
Stlth  +.........               (no ring)
                                (no ring)

@: very quick, not resistant to hostile enchantments, very unstealthy
A: hooves 3, deformed body, speed 2, tough skin 3
a: Renounce Religion


You were on level 4 of the Dungeon.
You worshipped Fedhas.
Fedhas was noncommittal.
You were not hungry.

You visited 1 branch of the dungeon, and saw 4 of its levels.

You collected 99 gold pieces.

Inventory:

Hand Weapons
 a - a +1 shortbow (weapon)
 b - a +0 short sword
 g - a +0 dagger
 l - a +0 short sword
Missiles
 d - 27 arrows (quivered)
 f - 7 tomahawks
Armour
 c - a +0 leather armour (worn)
 x - a +0 cloak (worn)
Wands
 u - a wand of polymorph (2)
Scrolls
 i - a scroll of immolation {unknown}
 j - a scroll of magic mapping {unknown}
 m - a scroll of teleportation {unknown}
 p - a scroll of recharging {unknown}
 r - a scroll of fog {unknown}
 s - a scroll of identify
 t - 2 scrolls of remove curse {unknown}
 w - a scroll of fear {unknown}
Potions
 h - a potion of flight {unknown}
 k - a potion of curing
 n - a potion of invisibility {unknown}
 v - a potion of lignification {unknown}
Comestibles
 e - a bread ration
 o - a beef jerky
 q - 7 fruits


   Skills:
 + Level 2.2 Fighting
 + Level 7.6 Bows
 + Level 0.1 Armour
 + Level 1.5 Dodging
 + Level 0.5 Stealth


You had 3 spell levels left.
You didn't know any spells.

Dungeon Overview and Level Annotations

Branches:
Dungeon (4/15)
 Temple: D:4-7

Altars:
Fedhas

Shops:
D:4 [*}


Innate Abilities, Weirdness & Mutations

You have hooves in place of feet.
Armour fits poorly on your strangely shaped body.
You cover ground very quickly.
You have extremely tough skin (AC +3).


Message History

* * * LOW HITPOINT WARNING * * *
You feel sick. The wolf bites you.
* * * LOW HITPOINT WARNING * * *
As you read the scroll labeled HIPTAT GEFU, it crumbles to dust.
It is a scroll of identify.
Identify which item? (\ to view known items) (? for menu, Esc to quit)
k - 2 potions of curing The wolf bites you!
* * * LOW HITPOINT WARNING * * *
Unknown command.
You feel better. The wolf misses you. The wolf closely misses you.
Firing (i - inventory. (,) - cycle):
d - 28 arrows (quivered)
Press: ? - help, Shift-Dir - straight line, f/p - wolf
Aim: a wolf You shoot an arrow.
The arrow hits the wolf.
The wolf is moderately wounded.
The wolf bites you!
You die...
Fedhas appreciates your contribution to the ecosystem.

######### #.......#
## #...PP..## ..
#..P∩P...## #W
##########..P.P..#.##
#a
#.......h@........#.#
#.
#.##############...#
####(###.# ##.##
(....§(..# #.#
.###.#####
########.### #.
...........#.# #.
########.#.#.## #.
#.......### ..
#..#.#..##.


You could see a wolf.

Vanquished Creatures
  Ijyb (D:3)
  2 adders
  A worm (D:3)
  8 bats
  4 giant cockroaches
  8 hobgoblins
  3 jackals (D:1)
  2 giant newts
  6 goblins
  4 kobolds
  9 rats
48 creatures vanquished.

Notes
Turn   | Place    | Note
--------------------------------------------------------------
     0 | D:1      | fredomojojo the Centaur Hunter began the quest for the Orb.
     0 | D:1      | Reached XP level 1. HP: 17/17 MP: 1/1
    85 | D:1      | You fall through a shaft!
   187 | D:1      | Reached XP level 2. HP: 24/24 MP: 2/2
   346 | D:1      | Reached skill level 6 in Bows
   601 | D:2      | Found a blossoming altar of Fedhas.
   605 | D:2      | Reached XP level 3. HP: 29/29 MP: 3/3
   628 | D:2      | Became a worshipper of Fedhas Madash
  1127 | D:3      | Noticed Ijyb
  1133 | D:3      | Killed Ijyb
  1133 | D:3      | Reached skill level 7 in Bows
  1133 | D:3      | Reached XP level 4. HP: 36/36 MP: 4/4
  1520 | D:4      | Found Geatalidu's Gadget Shoppe.
  1540 | D:4      | Found Japlayt's Assorted Antiques.
  2118 | D:4      | Found Iklotethru's Antique Armour Boutique.
  2142 | D:4      | Noticed a phantom
  2149 | D:4      | Noticed a wolf
  2149 | D:4      | a worker ant changed into a wolf
  2163 | D:4      | HP: 1/36 [wolf (7)]
  2165 | D:4      | Slain by a wolf

Action                   |  1- 3 |  4- 6 || total
-------------------------+-------+-------++-------
 Fire: Shortbow          |    83 |    38 ||   121
Evoke: Wand              |       |     2 ||     2
  Use: Scroll            |       |     1 ||     1
       Potion            |       |     1 ||     1
  Eat: Bread ration      |       |     1 ||     1
